 Dungeon Crawl Stone Soup version 0.26-a0-1205-g4083c211ab (webtiles) character file.

Game seed: 13157597615986324796

357 Azzok the Skirmisher (level 6, 0/50 HPs)
             Began as a Demonspawn Berserker on Dec 29, 2020.
             Was a Believer of Trog.
             Slain by a centaur skeleton (1 damage)
             ... on level 4 of the Dungeon.
             The game lasted 00:03:24 (4163 turns).

Azzok the Skirmisher (Demonspawn Berserker)         Turns: 4163, Time: 00:03:24

Health: 0/50       AC:  4    Str: 19    XL:     6   Next: 37%
Magic:  6/6        EV: 13    Int:  8    God:    Trog [**....]
Gold:   172        SH:  0    Dex: 13    Spells: 5/5 levels left

rFire    . . .     SeeInvis .   r - +0 spear
rCold    . . .     Faith    .   (no shield)
rNeg     . . .     Spirit   .   b - +1 animal skin
rPois    .         Reflect  .   (helmet restricted)
rElec    .         Harm     .   (no cloak)
rCorr    .         Rampage  .   (no gloves)
Will     .....                  (no boots)
Stlth    +.........             (no amulet)
HPRegen  0.16/turn              (no ring)
MPRegen  0.10/turn              (no ring)

@: berserk cooldown, slowed, very slow
A: antennae 1, rugged brown scales 1, powered by pain 1
a: Renounce Religion, Berserk, Trog's Hand


You were on level 4 of the Dungeon.
You worshipped Trog.
Trog was pleased with you.
You visited 1 branch of the dungeon, and saw 4 of its levels.

You collected 172 gold pieces.

Inventory:

Hand Weapons
 a - a +1 hand axe
 r - a +0 spear (weapon)
Armour
 b - a +1 animal skin (worn)
Scrolls
 e - 4 scrolls of identify
Potions
 c - a potion of magic
 d - a potion of mutation {unknown}
 i - a potion of ambrosia {unknown}
 j - a potion of heal wounds {unknown}
 m - a potion of flight {unknown}
 n - a potion of lignification {unknown}
 o - a potion of resistance {unknown}


   Skills:
 + Level 4.3 Fighting
 + Level 4.0 Axes
 + Level 3.3 Armour
 + Level 3.4 Dodging


You had 5 spell levels left.
You didn't know any spells.
Your spell library was empty.

Dungeon Overview and Level Annotations

Branches:
Dungeon (4/15)
 Temple: D:4-7

Altars:


Innate Abilities, Weirdness & Mutations

You have a pair of small antennae on your head.
You are partially covered in rugged brown scales. (AC +1, +3% HP)
You sometimes gain a little power by taking damage.


Message History

The centaur skeleton hits you.
* * * LOW HITPOINT WARNING * * *
The centaur skeleton closely misses you.
You hit the centaur skeleton.
The centaur skeleton is heavily damaged.
The centaur skeleton hits you.
* * * LOW HITPOINT WARNING * * *
The centaur skeleton misses you.
You hit the centaur skeleton but do no damage.
The centaur skeleton is heavily damaged.
The centaur skeleton hits you!
* * * LOW HITPOINT WARNING * * *
The centaur skeleton hits you but does no damage.
You hit the centaur skeleton.
The centaur skeleton is severely damaged.
The centaur skeleton misses you.
You puncture the centaur skeleton!
The centaur skeleton is almost destroyed.
The centaur skeleton hits you.
You die...

▒·▒▒·▒▒·▒ ▒···▒·▒ ▒·▒▒·▒▒·▒
▒▒▒▒·····▒ ·····▒▒·▒
▒·▒▒···▒▒▒ ▒·······▒ ▒··▒▒·▒▒
▒▒ ▒·▒▒▒▒▒·▒ ▒··(··▒▒····
········▒▒▒▒▒▒▒▒▒▒▒··▒······▒
▒·▒▒··············▒····▒▒▒▒▒▒
▒·▒▒·▒▒·▒▒▒▒·▒·▒▒▒▒···▒▒
▒·······▒ ▒····@Z····▒
▒▒▒·▒▒▒▒ ▒▒··········▒ ▒
▒·▒▒▒▒▒▒▒▒·▒ ▒·▒ ·▒ ▒·▒ ·▒
··· ▒ ··· ····


You could see a centaur skeleton.

Vanquished Creatures
  A water moccasin (D:3)
  A sky beast (D:2)
  2 worker ants
  5 adders
  2 oozes (D:1)
  2 worms
  A dart slug (D:1)
  3 leopard geckos (D:1)
  A giant cockroach (D:1)
  6 goblins
  6 hobgoblins
  5 jackals
  A quokka (D:2)
  A ball python (D:3)
  7 bats
  12 frilled lizards
  3 kobolds
  7 rats
66 creatures vanquished.

Notes
Turn   | Place    | Note
-------+----------+-------------------------------------------
     0 | D:1      | Azzok the Demonspawn Berserker began the quest for the Orb.
     0 | D:1      | Reached XP level 1. HP: 18/18 MP: 1/1
   150 | D:1      | Gained mutation: You are partially covered in rugged brown
                  | scales. (AC +1, +3% HP) [demonic ancestry]
   150 | D:1      | Reached XP level 2. HP: 6/24 MP: 2/2
   978 | D:1      | Reached XP level 3. HP: 14/29 MP: 3/3
  1636 | D:2      | Reached ** piety under Trog
  2201 | D:2      | Gained mutation: You have a pair of small antennae on your
                  | head. [demonic ancestry]
  2201 | D:2      | Reached XP level 4. HP: 36/36 MP: 4/4
  2205 | D:2      | Noticed a sky beast
  2225 | D:2      | Killed a sky beast
  2226 | D:2      | Reached XP level 5. HP: 31/43 MP: 5/5
  3181 | D:3      | Noticed a water moccasin
  3193 | D:3      | Killed a water moccasin
  3194 | D:3      | Gained mutation: You sometimes gain a little power by
                  | taking damage. [demonic ancestry]
  3194 | D:3      | Reached XP level 6. HP: 46/49 MP: 6/6
  4161 | D:4      | HP: 1/50 [centaur skeleton (8)]
  4163 | D:4      | Slain by a centaur skeleton

Illustrated notes

Levels and vault maps discovered:
D:1:      giann_forest_graveyard, layout_basic
D:2:      layout_loops_ring, minmay_lizard_pond
D:3:      layout_loops_ring
D:4:      layout_loops_cross, minmay_temple_entry_from_below_b,
          nicolae_ashenzari_panopticon

Skill      XL: |  1  2  3  4  5  6 |
---------------+-------------------+-----
Armour         | 2 3 |  3.3
Dodging        | 2 3 |  3.4
Axes           | 3 4 |  4.0
Fighting       | 4 |  4.3

Action                   |  1- 3 |  4- 6 || total
-------------------------+-------+-------++-------
Melee: Hand axe          |   137 |   107 ||   244
       Spear             |       |    14 ||    14
Invok: Berserk           |     2 |     4 ||     6
  Use: Scroll            |       |     8 ||     8
 Stab: Sleeping          |       |     1 ||     1
Armor: Animal skin       |    37 |    25 ||    62
Dodge: Dodged            |    90 |    92 ||   182

Table legend: (Time is in decaauts)
 A = Elapsed time spent in this place.
 B = Non-inter-level travel time spent in this place.
 C = Inter-level travel time spent in this place.
 D = Time resting spent in this place.
 E = Time spent auto-exploring this place.
 F = Levels seen in this place.
 G = Mean time per level.
                   A        B        C        D        E       F      G
               +--------+--------+--------+--------+--------+-----+--------+
         Total |   4242 |   4203 |     39 |    185 |   3367 |   4 | 1060.5 |
       Dungeon |   4242 |   4203 |     39 |    185 |   3367 |   4 | 1060.5 |
               +--------+--------+--------+--------+--------+-----+--------+

Top non-repeatable levels by time:
     D:1: 1635 daAuts
     D:2: 1433 daAuts
     D:3: 1059 daAuts
     D:4: 115 daAuts
